 Dungeon Crawl Stone Soup version 0.22.1-2-g9c5b331 (webtiles) character file.

137 voilodion the Skirmisher (level 5, -4/47 HPs)
             Began as a Minotaur Abyssal Knight on Dec 2, 2018.
             Was a Believer of Lugonu.
             Slain by a scorpion (5 damage)
             ... on level 3 of the Dungeon.
             The game lasted 00:13:21 (1910 turns).

voilodion the Skirmisher (Minotaur Abyssal Knight)  Turns: 1910, Time: 00:13:22

Health: -4/47      AC:  5    Str: 17    XL:     5   Next: 0%
Magic:  5/5        EV: 11    Int:  9    God:    Lugonu [**....]
Gold:   89         SH:  0    Dex: 10    Spells: 4/4 levels left

rFire    . . .     SeeInvis .   a - +1 falchion
rCold    . . .     Gourm    .   (no shield)
rNeg     + . .     Faith    .   n - +0 ring mail
rPois    .         Spirit   .   (helmet restricted)
rElec    .         Reflect  .   (no cloak)
rCorr    .         Harm     .   (no gloves)
MR       .....                  (no boots)
Stlth    +.........             (no amulet)
HPRegen  0.15/turn              r - ring of positive energy
MPRegen  0.09/turn              (no ring)

@: lethally poisoned (-4 -> -12)
A: retaliatory headbutt, horns 2
a: Depart the Abyss, Bend Space, Renounce Religion


You were on level 3 of the Dungeon.
You worshipped Lugonu.
Lugonu was pleased with you.
You were very hungry.

You visited 1 branch of the dungeon, and saw 3 of its levels.
You visited the Abyss 1 time.

You collected 89 gold pieces.

Inventory:

Hand Weapons
 a - a +1 falchion (weapon)
 i - a +0 dagger
 j - a +0 dagger
 o - a +0 club
 p - a +0 club
 u - a cursed -3 club
 v - a cursed +0 whip
 x - a +0 short sword
 y - a +0 club
 C - a +0 dagger
Missiles
 g - 6 needles of sleeping
 h - 21 sling bullets
 l - 11 poisoned needles
 q - 14 stones (quivered)
 w - 15 arrows
 D - 12 bolts
Armour
 b - a +0 leather armour
 k - a +0 leather armour
 m - a +0 scale mail
 n - a +0 ring mail (worn)
 s - a -1 plate armour
 B - a +0 leather armour
 E - a +0 helmet
Jewellery
 r - a ring of positive energy (left hand)
Scrolls
 e - 2 scrolls of teleportation
Potions
 d - a potion of might {unknown}
 f - 3 potions of curing {unknown}
 t - a potion of heal wounds {unknown}
 z - a potion of mutation {unknown}
 A - a potion of lignification {unknown}
Comestibles
 c - 3 rations


   Skills:
 + Level 4.8 Fighting
 + Level 4.0 Long Blades
 + Level 3.9 Armour
 + Level 1.4 Dodging
 + Level 0.2 Stealth
 + Level 1.9 Invocations


You had 4 spell levels left.
You didn't know any spells.
Your spell library was empty.

Dungeon Overview and Level Annotations

Branches:
Dungeon (3/15)

Altars:
Wu Jian
Zin


Innate Abilities, Weirdness & Mutations

You reflexively headbutt those who attack you in melee.
You have a pair of horns on your head.


Message History

You headbutt something! Lugonu accepts your kill.
Reactivating autopickup.
Your Long Blades skill increases to level 4!
You have reached level 4!
You feel agile.
You have reached level 5!
You feel a bit more experienced.
A goblin comes into view. It is wielding a dagger.
A ball python comes into view.
The goblin shouts!
You hit the scorpion.
The scorpion is lightly wounded.
The scorpion stings you.
* * * LOW HITPOINT WARNING * * *
You are lethally poisoned!
The scorpion poisons you!
A hobgoblin comes into view.
The scorpion stings you.
You die...

######## #######......#
#.....#......#
#.....#......# g
#....%....... ...
#####.....####h####..gS.
......[...†...rs@g.o.g.?
..%.......####.#####....
...<......# #.# .
..........# #.#
..........# #.#
..........# #.#
#.######### #.# #. #.#
#.


You could see a scorpion, an orc, a jackal, a hobgoblin (wandering), 3 goblins,
a ball python and a rat.

Vanquished Creatures
  A sky beast (D:3)
  An adder (D:3)
  A worm (D:2)
  2 dart slugs (D:1)
  A leopard gecko (D:1)
  3 bats (D:2)
  A giant cockroach (D:2)
  2 goblins
  4 hobgoblins
  3 jackals (D:3)
  5 frilled lizards
  3 kobolds (D:2)
  A rat (D:1)
28 creatures vanquished.

Notes
Turn   | Place    | Note
-------+----------+-------------------------------------------
     0 | Abyss:1  | voilodion the Minotaur Abyssal Knight began the quest for
                  | the Orb.
     0 | Abyss:1  | Reached XP level 1. HP: 19/19 MP: 1/1
    36 | Abyss:1  | Found a corrupted altar of Lugonu.
    66 | D:1      | Escaped the Abyss
   771 | D:1      | Reached XP level 2. HP: 27/27 MP: 2/2
  1332 | D:2      | Found a glowing silver altar of Zin.
  1488 | D:2      | Found an ornate altar of the Wu Jian Council.
  1617 | D:2      | Reached XP level 3. HP: 34/34 MP: 3/3
  1876 | D:3      | Noticed a sky beast
  1876 | D:3      | Noticed a scorpion
  1890 | D:3      | Reached ** piety under Lugonu
  1909 | D:3      | Killed a sky beast
  1909 | D:3      | Reached XP level 4. HP: 4/41 MP: 4/4
  1909 | D:3      | Reached XP level 5. HP: 4/47 MP: 5/5
  1910 | D:3      | HP: 1/47 [scorpion (4)]
  1910 | D:3      | Slain by a scorpion

Skill      XL: |  1  2  3 |
---------------+----------+-----
Fighting       | 4 |  4.8
Long Blades    | 3 4 |  4.0
Armour         | 3 |  3.9
Dodging        | |  1.4
Stealth        | |  0.2
Invocations    | |  1.9

Action                   |  1- 3 |  4- 6 || total
-------------------------+-------+-------++-------
Melee: Falchion          |    68 |     1 ||    69
       Headbutt          |     9 |       ||     9
  Use: Scroll            |     2 |       ||     2
  Eat: Chunk             |     2 |       ||     2
Armor: Scale mail        |    14 |       ||    14
       Ring mail         |    18 |       ||    18
       Plate armour      |     1 |       ||     1
Dodge: Dodged            |    33 |       ||    33
       Rpst.: Falchion   |    11 |       ||    11
